 Dungeon Crawl Stone Soup version 0.31-a0-331-geda263fcf1 (webtiles) character file.

Game seed: 72505677455129582

14963 porpoise the Markskobold (level 12, -5/72 HPs)
             Began as a Kobold Hunter on July 20, 2023.
             Was a Believer of Hepliaklqana.
             Killed from afar by a raiju (shapeshifter) (17 damage)
             ... with a living lightning
             ... on level 10 of the Dungeon.
             The game lasted 00:32:39 (9860 turns).

porpoise the Markskobold (Kobold Hunter)            Turns: 9860, Time: 00:32:40

Health: -5/72      AC: 11    Str:  8    XL:     12   Next: 51%
Magic:  15/15      EV: 18    Int: 11    God:    Hepliaklqana [**....]
Gold:   568        SH:  0    Dex: 23    Spells: 11/11 levels left

rFire   . . .        a - +0 orcbow (heavy)
rCold   . . .        (shield currently unavailable)
rNeg    . . .        j - +0 acid dragon scales
rPois   .            (no helmet)
rElec   .            (no cloak)
rCorr   +            H - +0 pair of gloves
SInv    .            A - +2 pair of boots
Will    .....        (no amulet)
Stlth   +++++        n - ring of resist corrosion
HPRegen 0.32/turn    (no ring)
MPRegen 0.14/turn

%: no passive effects
@: about to teleport
A: reduced essence, small, no large weapons, nightstalker 3
a: Renounce Religion, Recall Ancestor, Ancestor Identity


You were on level 10 of the Dungeon.
You worshipped Hepliaklqana.
Hepliaklqana was pleased with you.
You visited 2 branches of the dungeon, and saw 11 of its levels.
You also visited: Bailey.

You collected 750 gold pieces.
You spent 182 gold pieces at shops.

Inventory:

Hand Weapons
 a - a +0 heavy orcbow (weapon)
 b - the +5 sling of Tiko {heavy, rPois rC- Int+7 Stlth+}
   (You bought it in a shop on level 1 of the Dungeon)

   Int:       It affects your intelligence (+7).
   rC:        It makes you vulnerable to cold.
   rPois:     It protects you from poison.
   Stlth:     It makes you more stealthy.
 t - a +0 arbalest
 z - a +5 rapier of speed
 R - a +1 scimitar of flaming
Missiles
 m - 27 poisoned darts
 q - 2 throwing nets
 x - 16 boomerangs
 O - 7 curare-tipped darts
Armour
 j - +0 acid dragon scales (worn)
 s - a scarf of shadows
 A - a +2 pair of boots (worn)
 D - the +0 leather armour of Sharp Amelioration {Str+2 SInv}
   (You took it off an orc priest on level 9 of the Dungeon)

   Str:       It affects your strength (+2).
   SInv:      It lets you see invisible.
 H - a +0 pair of gloves (worn)
 M - a +2 scale mail of cold resistance
 Q - the +0 ring mail "Nintuate" {Rampage Int+2}
   (You took it off an orc on level 9 of the Dungeon)

   Int:       It affects your intelligence (+2).
   Rampage:   It bestows one free step when moving towards enemies.
 T - the +2 scale mail "Gitrur" {rElec Str+4 Int-3 Stlth+}
   (You found it on level 9 of the Dungeon)

   Str:       It affects your strength (+4).
   Int:       It affects your intelligence (-3).
   rElec:     It insulates you from electricity.
   Stlth:     It makes you more stealthy.
 U - an orb of wrath
Magical Staves
 y - a staff of conjuration
Jewellery
 n - a ring of resist corrosion (left hand)
 E - a ring of ice
 S - an amulet of faith
Talismans
 G - a blade talisman
 K - a maw talisman
Wands
 o - a wand of roots (7)
 F - a wand of flame (30)
 I - a wand of paralysis (4)
 J - a wand of mindburst (5)
Scrolls
 c - a scroll of amnesia
 g - 4 scrolls of brand weapon
 k - 4 scrolls of teleportation
 l - a scroll of poison
 p - 2 scrolls of noise
 r - a scroll of enchant armour
 B - a scroll of butterflies
 N - a scroll of vulnerability
 P - a scroll of acquirement {unknown}
Potions
 d - 2 potions of cancellation
 e - 4 potions of attraction
 f - 4 potions of might
 h - 5 potions of enlightenment
 i - 2 potions of lignification
 u - 2 potions of heal wounds
 v - 2 potions of haste
 w - 3 potions of curing
 C - a potion of brilliance
 L - a potion of berserk rage


   Skills:
 + Level 11.7 Fighting
 - Level 16.4 Ranged Weapons
 - Level 5.0 Armour
 - Level 7.0 Dodging
 - Level 7.0 Stealth
 - Level 5.0 Invocations
 - Level 5.0 Evocations


You had 11 spell levels left.
You didn't know any spells.
Your spell library contained the following spells:

 Spells                   Type           Power      Damage    Failure   Level
 Foxfire                  Conj/Fire      0%         2x1d4     52%         1
 Magic Dart               Conj           0%         1d3       52%         1
 Call Imp                 Summ           0%         N/A       65%         2
 Dazzling Flash           Conj/Hex       0%         N/A       87%         3
 Mephitic Cloud           Conj/Pois/Air  0%         N/A       87%         3
 Volatile Blastmotes      Fire/Tloc      0%         2d10      87%         3
 Plasma Beam              Fire/Air       0%         2x1d10    100%        6
 Starburst                Conj/Fire      0%         6d3       100%        6
 Maxwell's Capacitive Co  Air            0%         ∞         100%        8


Dungeon Overview and Level Annotations

Branches:
Dungeon (10/15)            Temple (1/1) D:6          Bailey (visited)
   Lair: D:8-11         Orc: D:9-12

Altars:
Ashenzari
Cheibriados
Dithmenos
Elyvilon
Fedhas
Gozag
Hepliaklqana
Kikubaaqudgha
Makhleb
Nemelex Xobeh
Okawaru
Qazlal
Ru
Sif Muna
Trog
Uskayaw
Vehumet
Wu Jian
Xom
Yredelemnul
Zin
The Shining One

Shops:
D:1 (   D:6 =


Innate Abilities, Weirdness & Mutations

Your life essence is reduced to manifest your ancestor. (-10% HP)
You are small and have problems with some larger weapons.
You are completely attuned to the shadows.


Message History

You hear two shouts!
You hear a shout! x4; You hear two shouts!
No target in view!
Unknown command.
You hear an angry hiss.
You shoot an arrow. The arrow hits the steam dragon!!
You kill the steam dragon!
You hear a bark!
A wyvern comes into view.
A raiju comes into view.
You shoot an arrow. The arrow misses the raiju.
The raiju bites Nikki but does no damage.
Nikki closely misses the raiju.
You shoot an arrow. The arrow closely misses the wyvern.
The wyvern closely misses you.
Nikki blocks the raiju's attack.
You shoot an arrow. The arrow barely misses the wyvern.
The wyvern barely misses you.
Nikki hits the raiju with a +0 flail.
A brown ugly thing comes into view.
Nikki blocks the raiju's attack.
An ogre mage comes into view. It is wielding a +0 club.
The wyvern closely misses you.
You shoot an arrow. The arrow barely misses the wyvern.
The wyvern closely misses you.
The raiju bites Nikki but does no damage.
The ogre mage casts a spell at you.
You suddenly lose the ability to move!
Nikki hits the raiju with a +0 flail.
The wyvern bites you!
Nikki blocks the raiju's attack.
The wyvern bites you. The wyvern bites you!
Nikki closely misses the raiju.
The raiju closely misses Nikki.
The brown ugly thing engulfs you!
You are splashed with acid.
You resist.
You can move again.
You shoot an arrow. The arrow barely misses the wyvern.
The wyvern misses you.
The raiju closely misses Nikki.
The wyvern bites you!
* * * LOW HITPOINT WARNING * * *
Nikki barely misses the raiju.
The brown ugly thing barely misses you.
Unknown command.
As you read the scroll of teleportation, it crumbles to dust.
You feel strangely unstable. The wyvern bites you.
* * * LOW HITPOINT WARNING * * *
The raiju bursts into living lightning!
The living lightning hits Nikki!
The living lightning hits you!
You die...

....
####.)....
...#
#..#.)###.
....
#......#
.#..
###..#..#
......####
....).#..#
.###.....#
#....?###.
#..#.@lO..
####..u_[.
#.R....
..h###.
.....


You could see the friendly Nikki the knight, a brown ugly thing, an ogre mage, a
raiju (ally target) and a wyvern.

Vanquished Creatures
  Erica (D:9)
  3 two-headed ogres
  An orc knight (Bailey)
  A meliai (D:10)
  A hornet (D:10)
  3 wyverns (D:9)
  13 yaks
  A steam dragon (D:10)
  Menkaure (D:6)
  An acid dragon (D:8)
  A water moccasin (D:8)
  8 orc warriors
  2 black bears
  An ice beast (D:6)
  4 centaurs
  An ogre (D:5)
  3 bullfrogs
  2 kobold brigands
  A gnoll sergeant (D:6)
  5 scorpions
  13 wights
  2 killer bees (D:8)
  An electric eel (D:9)
  6 hounds
  A jelly (D:6)
  8 orc priests
  5 iguanas
  14 orc wizards
  12 gnolls
  7 adders
  3 shadow imps
  An ufetubus (D:4)
  A worm (D:2)
  6 dart slugs
  35 orcs
  7 bats
  4 endoplasms
  2 giant cockroaches
  8 hobgoblins
  24 kobolds
  2 quokkas
  9 ball pythons
  4 frilled lizards
  6 goblins
  2 rats (D:3)
237 creatures vanquished.

Vanquished Creatures (collateral kills)
  A yak (D:9)
  A scorpion (D:9)
  2 killer bees (D:8)
  3 orcs
  2 goblins (Bailey)
  2 kobolds
11 creatures vanquished.

Vanquished Creatures (others)
  An ancestor (D:9)
1 creature vanquished.

Grand Total: 249 creatures vanquished

Notes
Turn   | Place    | Note
-------+----------+-------------------------------------------
     0 | D:1      | porpoise the Kobold Hunter began the quest for the Orb.
     0 | D:1      | Reached XP level 1. HP: 12/12 MP: 1/1
   159 | D:1      | Reached XP level 2. HP: 18/18 MP: 2/2
   420 | D:1      | Found Iddahet's Antique Weapon Shop.
   751 | D:2      | Reached skill level 6 in Ranged Weapons
   781 | D:2      | Found a faded altar of an unknown god.
   908 | D:2      | Reached XP level 3. HP: 22/22 MP: 3/3
  1335 | D:3      | Reached XP level 4. HP: 19/28 MP: 4/4
  1347 | D:3      | Reached skill level 7 in Ranged Weapons
  1599 | D:3      | Reached XP level 5. HP: 24/32 MP: 5/5
  2066 | D:3      | Found an ornate altar of the Wu Jian Council.
  2075 | D:3      | Found a radiant altar of Vehumet.
  2196 | D:4      | Reached skill level 8 in Ranged Weapons
  2196 | D:4      | Reached XP level 6. HP: 15/38 MP: 6/6
  2566 | D:4      | Reached XP level 7. HP: 44/44 MP: 7/7
  2759 | D:4      | Reached skill level 9 in Ranged Weapons
  3157 | D:5      | Entered Level 5 of the Dungeon
  3227 | D:5      | Reached skill level 5 in Fighting
  3810 | D:5      | Reached skill level 10 in Ranged Weapons
  3907 | D:5      | Reached XP level 8. HP: 6/51 MP: 8/8
  4201 | D:1      | Bought a slimy sling for 182 gold pieces
  4201 | D:1      | Identified the +5 sling of Tiko {heavy, rPois rC- Int+7
                  | Stlth+} (You bought it in a shop on level 1 of the Dungeon)
  4568 | D:5      | Reached skill level 11 in Ranged Weapons
  4834 | D:5      | Found an iron altar of Okawaru.
  4841 | D:5      | Found an ancient bone altar of Kikubaaqudgha.
  4851 | D:5      | Found a blossoming altar of Fedhas.
  5344 | D:6      | Found Hoghest's One-of-a-Kind Rings.
  5395 | D:6      | Reached skill level 12 in Ranged Weapons
  5586 | D:6      | Reached XP level 9. HP: 46/56 MP: 9/9
  5847 | D:6      | Noticed Menkaure
  5854 | D:6      | Killed Menkaure
  5969 | D:6      | Found a staircase to the Ecumenical Temple.
  5975 | Temple   | Entered the Ecumenical Temple
  5982 | Temple   | Became a worshipper of Hepliaklqana the Forgotten
  6314 | D:7      | Reached skill level 13 in Ranged Weapons
  6480 | D:7      | Noticed a two-headed ogre
  6486 | D:7      | Killed a two-headed ogre
  6559 | D:7      | Reached skill level 5 in Stealth
  6566 | D:7      | Reached skill level 5 in Dodging
  6654 | D:7      | Reached skill level 14 in Ranged Weapons
  6654 | D:7      | Reached XP level 10. HP: 63/63 MP: 10/10
  6680 | D:7      | Found a sparkling altar of Nemelex Xobeh.
  7032 | D:7      | Reached * piety under Hepliaklqana
  7627 | D:8      | Found a flagged portal.
  7638 | Bailey   | Entered a bailey
  7684 | Bailey   | Noticed an orc knight
  7697 | Bailey   | Killed an orc knight
  7698 | Bailey   | Reached skill level 15 in Ranged Weapons
  8361 | D:8      | Reached skill level 16 in Ranged Weapons
  8361 | D:8      | Reached XP level 11. HP: 61/61 MP: 10/14
  8456 | D:9      | Identified the +0 leather armour of Sharp Amelioration
                  | {Str+2 SInv}
  8619 | D:9      | Reached skill level 5 in Armour
  8670 | D:9      | Reached ** piety under Hepliaklqana
  8671 | D:9      | Remembered your ancestor Nikki as a knight
  8678 | D:9      | Found a burning altar of Makhleb.
  8678 | D:9      | Found an opulent altar of Gozag.
  8790 | D:9      | Found a bloodstained altar of Trog.
  8892 | D:9      | Reached skill level 5 in Invocations
  8896 | D:9      | Reached XP level 12. HP: 67/67 MP: 15/15
  8909 | D:9      | Noticed Erica
  8911 | D:9      | Reached skill level 5 in Evocations
  8917 | D:9      | Killed Erica
  8949 | D:9      | Identified the +0 ring mail "Nintuate" {Rampage Int+2}
  9171 | D:9      | Reached skill level 10 in Fighting
  9234 | D:9      | Identified the +2 scale mail "Gitrur" {rElec Str+4 Int-3
                  | Stlth+}
  9251 | D:9      | Found a broken altar of Ashenzari.
  9486 | D:10     | Entered Level 10 of the Dungeon
  9675 | D:10     | Noticed a two-headed ogre
  9681 | D:10     | Killed a two-headed ogre
  9797 | D:10     | Noticed a two-headed ogre
  9801 | D:10     | Killed a two-headed ogre
  9847 | D:10     | Found a broken altar of Ashenzari.
  9855 | D:10     | Noticed an ogre mage
  9856 | D:10     | Paralysed by an ogre mage for 3 turns
  9860 | D:10     | Killed from afar by a raiju (shapeshifter)

Illustrated notes

Levels and vault maps discovered:
D:1:      roderic_dead_forest, layout_loops_ring, serial_shops,
          nicolae_diamond_shop, amcnicky_mini_pool_small
D:2:      layout_basic, hellmonk_ecumenical_altar_leap_of_faith
D:3:      layout_rooms, mainiacjoe_overflow_swirl, chequers_jeans,
          nicolae_concentric_dashed_squares_wild, kennysheep_big_empty_room
D:4:      layout_basic, st_stairs_9
D:5:      layout_cave_pools, minmay_overflow_temple_star_quad
D:6:      layout_basic, minmay_temple_entry_junction, nicolae_shop_unique_rings,
          uniq_menkaure
D:7:      layout_loops_cross, nemelex_diamond_rough_becter
D:8:      layout_rooms, enter_bailey_7
D:9:      layout_big_octagon, trog_butcher_becter, kennysheep_mini_moat,
          nicolae_overflow_two_pavilions, minmay_lindwurm_lava, uniq_erica
D:10:     hangedman_cross_cluster, layout_loops_ring
Temple:   nicolae_temple_no_exploring_needed

Skill      XL: |  1  2  3  4  5  6  7  8  9 10 11 12 |
---------------+-------------------------------------+-----
Ranged Weapons | 6 7 8 10 12 14 16 | 16.4
Fighting       | 3 4 5 6 7 8 11 | 11.7
Stealth        | 5 7 |  7.0
Dodging        | 5 6 7 |  7.0
Armour         | 4 5 |  5.0
Invocations    | 4 5 |  5.0
Evocations     | 4 5 |  5.0

Action                     |  1- 3 |  4- 6 |  7- 9 | 10-12 || total
---------------------------+-------+-------+-------+-------++-------
  Melee: Shortbow          |       |       |     4 |       ||     4
         Orcbow            |       |       |     1 |       ||     1
   Fire: Shortbow          |    88 |   122 |    99 |       ||   309
         Orcbow            |       |       |   189 |   255 ||   444
 Invoke: Ancestor Identity |       |       |       |     1 ||     1
         Ancestor Life: Kn |       |       |       |     1 ||     1
  Evoke: Wand              |       |       |       |     2 ||     2
    Use: Scroll            |     2 |     1 |    11 |     9 ||    23
         Potion            |       |       |     2 |     1 ||     3
 Armour: Leather armour    |    13 |     8 |    46 |       ||    67
         Acid dragon scale |       |       |       |    23 ||    23
  Dodge: Dodged            |    33 |    70 |   132 |    73 ||   308

Table legend: (Time is in decaauts)
 A = Elapsed time spent in this place.
 B = Non-inter-level travel time spent in this place.
 C = Inter-level travel time spent in this place.
 D = Time resting spent in this place.
 E = Time spent auto-exploring this place.
 F = Levels seen in this place.
 G = Mean time per level.
                   A        B        C        D        E       F      G
               +--------+--------+--------+--------+--------+-----+--------+
         Total |   9933 |   9461 |    472 |   2609 |   5050 |  12 |  827.8 |
       Dungeon |   9384 |   8919 |    465 |   2452 |   5019 |  10 |  938.4 |
        Temple |     14 |      7 |      7 |      0 |      0 |   1 |   14.0 |
        Bailey |    534 |    534 |      0 |    157 |     31 |   1 |  534.0 |
               +--------+--------+--------+--------+--------+-----+--------+

Top non-repeatable levels by time:
     D:5: 1728 daAuts
     D:4: 1263 daAuts
     D:9: 1090 daAuts
     D:6: 1080 daAuts
     D:3: 914 daAuts
     D:7: 905 daAuts
     D:1: 777 daAuts
     D:8: 688 daAuts
     D:2: 556 daAuts
  Bailey: 534 daAuts
    D:10: 379 daAuts
  Temple: 14 daAuts
